 Dungeon Crawl Stone Soup version 0.30.1-4-g462c640d31 (webtiles) character file.

Game seed: 13219398407857189672

319 LynnLen the Sneak (level 6, -4/30 HPs)
             Began as a Spriggan Enchanter on Aug 17, 2023.
             Slain by Pikel
             ... wielding a +0 whip of freezing
              (5 damage)
             ... on level 4 of the Dungeon.
             The game lasted 00:10:22 (2638 turns).

LynnLen the Sneak (Spriggan Enchanter)              Turns: 2638, Time: 00:10:23

Health: -4/30      AC:  3    Str:  6    XL:     6   Next: 21%
Magic:  5/12       EV: 15    Int: 17    God:
Gold:   200        SH:  0    Dex: 15    Spells: 7/12 levels left

rFire   . . .        i - +2 dagger (drain)
rCold   . . .        (no shield)
rNeg    + . .        b - +1 robe
rPois   .            (helmet restricted)
rElec   .            (no cloak)
rCorr   .            (gloves unavailable)
SInv    +            (boots unavailable)
Will    +....        (no amulet)
Stlth   +++          d - ring of positive energy
HPRegen 0.25/turn    (no ring)
MPRegen 0.13/turn

%: no passive effects
@: grasped by roots, constricted, very quick
A: very small, no large weapons, unfitting armour, see invisible, speed 3
a: no special abilities


You were on level 4 of the Dungeon.
You visited 1 branch of the dungeon, and saw 4 of its levels.

You collected 200 gold pieces.

Inventory:

Hand Weapons
 a - a +1 dagger
 i - a +2 dagger of draining (weapon)
Armour
 b - a +1 robe (worn)
Jewellery
 d - a ring of positive energy (left hand)
 k - a ring of protection from cold
Scrolls
 h - 2 scrolls of teleportation
 n - 2 scrolls of silence {unknown}
Potions
 c - 2 potions of invisibility
 e - a potion of mutation
 f - a potion of flight
 j - a potion of degeneration {unknown}
 l - 2 potions of attraction {unknown}
 m - a potion of curing


   Skills:
 + Level 1.2 Fighting
 * Level 3.4 Short Blades
 + Level 3.6 Dodging
 + Level 5.4 Stealth
 + Level 3.7 Spellcasting
 * Level 5.1 Hexes
 + Level 1.2 Ice Magic


You had 7 spell levels left.
You knew the following spells:

 Your Spells              Type           Power      Damage    Failure   Level
a - Ensorcelled Hibernat  Hex/Ice        28%        N/A       7%          2
b - Confusing Touch       Hex            20%        N/A       6%          3

Your spell library contained the following spells:

 Spells                   Type           Power      Damage    Failure   Level
 Tukima's Dance           Hex            20%        N/A       6%          3
 Dazzling Flash           Conj/Hex       22%        N/A       17%         3


Dungeon Overview and Level Annotations

Branches:
Dungeon (4/15)
 Temple: D:4-7

Altars:

Shops:
D:3 :

Annotations:
D:4 Pikel


Innate Abilities, Weirdness & Mutations

You are very small and have problems with some larger weapons.
You are too small for most types of armour.
You have supernaturally acute eyesight. (SInv)
You cover ground extremely quickly. (Speed+++)


Message History

You feel much better.
Pikel hits you with a +0 whip of freezing.
Pikel freezes you. The grasping roots constrict you! The lemure hits you.
You feel much better. Pikel barely misses you.
The grasping roots constrict you! The lemure closely misses you.
You barely miss Pikel.
Pikel hits you with a +0 whip of freezing!
Pikel freezes you. The grasping roots constrict you.
* * * LOW HITPOINT WARNING * * *
The lemure closely misses you.
A ball python comes into view.
Unknown command.
You escape the roots grasp.
The lemure shouts!
You feel better.
Aiming: Ensorcelled Hibernation (safe; 7% risk of failure)
Press: ? - help, Q - select action, (/) - cycle Shift-Dir - straight line, f/p - Pikel
Aim: Pikel, wielding a +0 whip of freezing, wearing a +0 robe and carrying a wand of roots (11) (chance to affect: 48%) Pikel resists with some effort.
Unknown command.
Aiming: Ensorcelled Hibernation (safe; 7% risk of failure)
Press: ? - help, Q - select action, (/) - cycle Shift-Dir - straight line, f/p - Pikel
Aim: Pikel, wielding a +0 whip of freezing, wearing a +0 robe and carrying a wand of roots (11) (chance to affect: 48%) Pikel looks drowsy...
The lemure hits you.
The helpless Pikel fails to defend himself.
You impale Pikel!!
Pikel is almost dead.
You barely miss Pikel.
Pikel is almost dead.
Pikel zaps a wand.
The roots erupt in riotous growth!
The grasping roots grab you!
The lemure is unaffected.
Pikel is unaffected.
The lemure is unaffected.
The grasping roots constrict you. The lemure barely misses you.
The lemure hits you!
* * * LOW HITPOINT WARNING * * *
You hit Pikel but do no damage.
Pikel is almost dead.
Pikel hits you with a +0 whip of freezing.
You die...

#.## #..# #..#
#..##.#
######.#####.....#
.......).....#.####
########.###.#.####
#.....>......#
#.......#.##.#
#......5K55#
#.####.S@..#
...#.....##.#
#.#...##### .#
#.#.# .# . .# ##


You could see Pikel, 3 lemures and a ball python.

Vanquished Creatures
  An ogre (D:4)
  A hound (D:4)
  An orc priest (D:3)
  Natasha (thrice) (D:2)
  3 adders
  2 dart slugs (D:3)
  3 worms
  4 orcs (D:3)
  5 ball pythons
  An endoplasm (D:2)
  6 goblins
  4 hobgoblins
  13 jackals
  2 quokkas (D:3)
  3 bats
  3 frilled lizards
  3 kobolds (D:3)
  5 rats
63 creatures vanquished.

Notes
Turn   | Place    | Note
-------+----------+-------------------------------------------
     0 | D:1      | LynnLen the Spriggan Enchanter began the quest for the Orb.
     0 | D:1      | Reached XP level 1. HP: 9/9 MP: 5/5
   524 | D:1      | Reached XP level 2. HP: 13/13 MP: 6/6
   527 | D:1      | Learned a level 2 spell: Ensorcelled Hibernation
  1278 | D:2      | Reached XP level 3. HP: 16/16 MP: 8/8
  1282 | D:2      | Learned a level 3 spell: Confusing Touch
  1356 | D:2      | Noticed Natasha
  1367 | D:2      | Killed Natasha
  1513 | D:2      | Noticed Natasha
  1523 | D:2      | Killed Natasha
  1524 | D:2      | Reached XP level 4. HP: 17/21 MP: 4/9
  1845 | D:2      | Noticed Natasha
  1849 | D:2      | Killed Natasha
  1850 | D:2      | Reached skill level 5 in Stealth
  1886 | D:3      | Found Foidd's Book Emporium.
  2073 | D:3      | Reached skill level 1 in Fighting
  2073 | D:3      | Reached XP level 5. HP: 25/25 MP: 9/11
  2485 | D:4      | Reached skill level 1 in Ice Magic
  2509 | D:4      | Noticed an ogre
  2516 | D:4      | Killed an ogre
  2517 | D:4      | Reached skill level 5 in Hexes
  2517 | D:4      | Reached XP level 6. HP: 30/30 MP: 9/12
  2581 | D:4      | Noticed Pikel
  2637 | D:4      | HP: 1/30 [lemure[Pikel] (9)]
  2638 | D:4      | Slain by Pikel

Illustrated notes

Levels and vault maps discovered:
D:1:      elethiomel_arrival_quiet, layout_basic, minmay_misc_feat_nine_boxes,
          minmay_pentomino_u2
D:2:      layout_loops_cross, uniq_natasha
D:3:      layout_basic, serial_shops, nicolae_shop_just_a_little_nook
D:4:      layout_basic, uniq_pikel, uniq_blork_the_orc

Skill      XL: |  1  2  3  4  5 |
---------------+----------------+-----
Hexes          | 4 5 |  5.1
Short Blades   | 2 3 |  3.4
Spellcasting   | 3 |  3.7
Dodging        | 3 |  3.6
Stealth        | 5 |  5.4
Fighting       | 1 |  1.2
Ice Magic      | 1 |  1.2

Action                     |  1- 3 |  4- 6 || total
---------------------------+-------+-------++-------
  Melee: Dagger            |    89 |   102 ||   191
         Punch             |       |     2 ||     2
   Cast: Ensorcelled Hiber |     6 |     7 ||    13
    Use: Scroll            |     3 |     5 ||     8
         Potion            |       |     3 ||     3
   Stab: Sleeping          |     6 |     4 ||    10
         Distracted        |       |     1 ||     1
 Armour: Robe              |    10 |    13 ||    23
  Dodge: Dodged            |    81 |    74 ||   155
